Map: Undercurrent LE

Players

SkyWash - Winner!

  • Race: Terran Terran
  • Spawn Location: 7:00

Blue - Winner!

  • Race: Terran Terran
  • League: Diamond
  • Spawn Location: 7:00

VOD

Have the link to the VOD?

Description

Time

  • Played on: Aug. 7, 2026, 3:52 p.m.
  • Length: 22:05
Show
View Real Time Build Order
Export as new Build Order

SkyWash Terran - Winner!

Build Orders:  

Get SALT Encoding   

  8  0:03  SCV  
  9  0:20  SCV  
  10  0:40  SCV  
  10  0:41  Supply Depot  
  11  0:57  SCV  
  12  1:13  SCV  
  12  1:19  Barracks  
  13  1:30  SCV  
  13  1:36  Refinery  
  14  1:47  SCV  
  15  2:04  SCV  
  16  2:21  SCV  
  17  2:44  Orbital Command  
  17  2:53  Command Center  
  18  3:06  Reaper  
  18  3:19  SCV  
  19  3:36  Factory, SCV  
  20  3:45  Supply Depot  
  20  3:47  Marine  
  21  4:03  Refinery  
  21  4:15  SCV  
  22  4:32  SCV  
  23  4:42  Command Center  
  23  4:53  Factory Reactor  
  23  4:54  Barracks Reactor  
  23  4:56  SCV  
  23  4:59  Orbital Command  
  24  5:18  SCV  
  25  5:35  SCV  
  26  5:54  Hellion x2  
  30  6:09  Starport  
  30  6:11  SCV  
  30  6:17  SCV  
  32  6:28  SCV  
  32  6:29  Orbital Command  
  33  6:34  SCV  
  33  6:35  Hellion  
  33  6:36  Hellion  
  38  6:55  SCV  
  38  6:58  Supply Depot  
  39  7:13  SCV, Supply Depot  
  39  7:14  SCV x2  
  42  7:28  Hellion  
  42  7:29  Hellion  
  46  7:31  Starport Tech Lab  
  46  7:33  Barracks Tech Lab  
  46  7:35  SCV  
  46  7:37  SCV  
  48  7:40  Refinery  
  48  7:47  SCV  
  49  7:50  Stimpack  
  49  7:51  Supply Depot  
  49  7:55  SCV x2  
  51  8:04  Banshee, SCV  
  51  8:06  Cloaking Field  
  55  8:13  SCV x2  
  57  8:21  SCV  
  52  8:30  SCV x2, Hellion  
  58  8:31  Hellion  
  58  8:38  SCV  
  65  8:48  Barracks  
  65  8:52  SCV  
  66  9:02  Supply Depot  
  66  9:12  Barracks, Banshee  
  66  9:14  Factory Tech Lab  
  66  9:18  SCV  
  66  9:19  SCV  
  71  9:33  Supply Depot  
  71  9:35  Supply Depot x2  
  71  9:40  Siege Tank  
  74  9:52  Marine  
  75  10:17  Marine  
  76  10:22  Marine x4  
  80  10:33  Infernal Pre-Igniter  
  80  10:43  Supply Depot  
  80  10:45  SCV x3  
  83  10:57  Marine x5  
  88  11:01  Siege Tank  
  88  11:02  SCV x2  
  93  11:14  Supply Depot  
  93  11:17  Refinery  
  93  11:22  Marine x5  
  93  11:26  Command Center  
  98  11:47  Marine x5, Unknown  
  100  11:58  SCV  
  101  12:03  Starport Reactor  
  101  12:05  Supply Depot, Siege Tank  
  104  12:12  Marine x5  
  104  12:17  Engineering Bay  
  109  12:20  Engineering Bay  
  109  12:31  Refinery, Barracks  
  109  12:33  Barracks x2  
  109  12:36  Siege Tank x2  
  109  12:37  Marine x5, Supply Depot  
  114  12:42  SCV  
  114  12:43  SCV x2  
  117  12:50  Siege Tank  
  117  12:54  Medivac x2  
  117  12:59  SCV x2  
  125  13:00  SCV  
  125  13:02  Marine x5  
  132  13:10  Supply Depot  
  132  13:27  Marine x5  
  137  13:35  Siege Tank  
  137  13:37  Marine  
  137  13:38  Marine x2  
  143  13:52  Marine x5  
  151  14:17  Marine x5  
  156  14:20  Siege Tank  
  156  14:21  Orbital Command  
  156  14:27  Barracks Reactor  
  156  14:28  Barracks Reactor x2  
  145  14:37  Barracks  
  145  14:39  Barracks x2  
  133  14:41  Barracks, Marine  
  133  14:42  Marine x4  
  133  14:43  Barracks  
  133  14:46  Supply Depot  
  123  15:05  Siege Tank  
  123  15:06  Marine  
  123  15:07  Marine x4  
  120  15:18  Supply Depot  
  106  15:20  Marine  
  106  15:21  Marine x5  
  104  15:31  Marine  
  104  15:32  Marine x4  
  104  15:33  SCV x4  
  113  15:45  Marine  
  113  15:46  Marine x5  
  119  15:50  SCV, Siege Tank  
  119  15:51  Barracks Reactor x3  
  119  15:56  Marine  
  119  15:57  Marine x4  
  119  15:58  Command Center, Terran Infantry Weapons Level 1  
  119  15:59  Terran Infantry Armor Level 1  
  128  16:08  Armory  
  128  16:10  Marine  
  128  16:11  Marine x4  
  133  16:28  Medivac x2  
  133  16:29  Marine  
  135  16:30  Marine x3  
  135  16:35  Siege Tank, Barracks Reactor x2  
  141  16:59  SCV x2  
  142  17:00  Sensor Tower  
  119  17:10  Medivac  
  119  17:16  Marine  
  119  17:17  Marine x16  
  138  17:20  Siege Tank, Medivac  
  143  17:39  Marine x4  
  147  17:41  Marine  
  147  17:42  Marine x16  
  147  17:45  Refinery  
  162  17:52  Medivac  
  162  18:04  Marine  
  163  18:22  Marine x11  
  163  18:23  Marine x9  
  163  18:29  Marine  
  184  18:30  Orbital Command  
  184  18:39  Refinery  
  181  18:44  Siege Tank x2  
  181  18:47  Marine x7  
  187  18:50  Siege Tank  
  187  18:59  Siege Tank  
  178  19:05  Terran Vehicle Weapons Level 1  
  178  19:07  Refinery  
  178  19:08  SCV  
  178  19:09  SCV  
  173  19:15  Refinery  
  173  19:17  Marine x5  
  173  19:18  Marine x12  
  180  19:33  Barracks  
  180  19:35  Barracks  
  180  19:40  Siege Tank x2, Barracks  
  180  19:41  Siege Tank x2  
  180  19:44  Siege Tank  
  182  20:02  Marine x5  
  182  20:03  Marine x8  
  182  20:09  Supply Depot  
  193  20:15  Supply Depot  
  193  20:38  Command Center  
  193  20:39  Marine x7  
  200  20:45  Barracks  
  200  20:49  Siege Tank  
Show
View Real Time Build Order
Export as new Build Order

Blue Terran - Winner!

Build Orders:  

Get SALT Encoding   

  8  0:00  SCV  
  9  0:17  SCV  
  10  0:34  SCV  
  11  0:40  Supply Depot  
  11  0:51  SCV  
  12  1:08  SCV  
  13  1:17  Barracks  
  13  1:28  Refinery  
  13  1:33  SCV  
  12  1:50  SCV  
  15  2:06  SCV  
  16  2:24  Orbital Command  
  17  2:35  Reaper  
  17  2:52  Command Center  
  17  3:00  SCV  
  18  3:15  Marine  
  18  3:17  SCV  
  20  3:23  Factory  
  20  3:32  Supply Depot  
  20  3:35  SCV  
  21  3:51  Barracks Reactor  
  21  4:02  SCV  
  22  4:17  Command Center  
  22  4:19  SCV  
  23  4:35  Orbital Command  
  23  4:36  SCV  
  24  4:53  SCV  
  24  4:56  Starport  
  25  5:02  Hellion  
  25  5:04  Hellion  
  25  5:08  Barracks Tech Lab  
  29  5:11  SCV  
  29  5:15  SCV  
  31  5:21  Refinery  
  31  5:28  SCV  
  32  5:32  SCV  
  32  5:38  Hellion  
  35  5:40  Hellion  
  35  5:43  Unknown  
  35  5:45  SCV  
  35  5:49  SCV  
  39  6:03  Orbital Command  
  39  6:07  Hellion  
  41  6:10  Hellion  
  41  6:12  Banshee  
  41  6:14  SCV  
  41  6:16  SCV  
  48  6:23  Cloaking Field  
  48  6:31  SCV  
  48  6:32  Supply Depot  
  48  6:33  SCV  
  50  6:43  Barracks  
  50  6:44  SCV  
  50  6:49  Barracks Tech Lab  
  51  6:51  Factory Reactor  
  51  6:54  Barracks  
  51  6:58  SCV x2  
  51  6:59  Stimpack  
  53  7:01  SCV  
  53  7:06  Supply Depot  
  54  7:15  SCV x2  
  54  7:16  Banshee  
  54  7:18  SCV  
  60  7:30  Marine  
  60  7:32  SCV x2  
  60  7:37  Supply Depot  
  60  7:38  SCV  
  64  7:49  Engineering Bay x2  
  64  7:50  Refinery  
  64  7:52  SCV, Refinery  
  64  7:53  SCV  
  64  7:55  SCV  
  64  7:59  Marine  
  68  8:01  Marine  
  68  8:09  SCV x2  
  70  8:11  Marine  
  70  8:12  Marine x2  
  70  8:16  Supply Depot  
  75  8:24  Marine  
  75  8:26  SCV x2  
  75  8:29  Supply Depot  
  77  8:32  Marine  
  77  8:35  Terran Infantry Weapons Level 1  
  77  8:36  Marine  
  77  8:38  Terran Infantry Armor Level 1  
  79  8:41  Orbital Command  
  79  8:42  Starport Reactor  
  79  8:46  Marine x2, SCV  
  82  8:50  Supply Depot  
  82  8:51  Supply Depot  
  82  8:54  Siege Tank  
  85  9:01  SCV  
  85  9:03  SCV  
  85  9:08  Marine  
  85  9:09  Marine x2  
  90  9:18  SCV  
  91  9:20  SCV  
  91  9:22  Barracks  
  91  9:23  SCV  
  91  9:24  Barracks  
  93  9:35  Medivac  
  93  9:36  Medivac  
  93  9:37  Marine  
  93  9:38  Marine x4  
  102  9:43  Siege Tank  
  102  9:45  SCV x2  
  102  9:49  Unknown  
  107  9:52  Refinery  
  107  9:53  Refinery  
  107  9:56  Supply Depot  
  107  10:02  Marine  
  107  10:03  Marine  
  107  10:04  Armory  
  107  10:05  SCV x2  
  107  10:07  Factory  
  111  10:26  SCV x2, Marine x3  
  111  10:27  Supply Depot, Marine  
  111  10:28  Marine  
  118  10:30  Barracks Reactor  
  118  10:34  SCV  
  118  10:39  Barracks Reactor, Supply Depot  
  119  10:40  Supply Depot x2  
  119  10:57  Marine x4, Medivac x2  
  127  11:02  Supply Depot  
  127  11:09  SCV, Marine  
  68  11:10  Siege Tank  
  129  11:11  Factory Reactor  
  129  11:12  Drilling Claws  
  129  11:15  Command Center  
  132  11:22  Marine x3, Terran Infantry Weapons Level 2, Terran Infantry Armor Level 2  
  132  11:24  Marine x2  
  132  11:25  Marine  
  138  11:33  Marine x2  
  138  11:34  Marine, Supply Depot  
  141  11:46  Marine x2  
  141  11:47  Marine  
  141  11:49  Marine x3  
  146  11:52  Medivac  
  146  11:54  Widow Mine x2, Siege Tank  
  146  11:55  Medivac  
  146  11:58  Marine x2  
  146  11:59  Marine  
  157  12:05  Supply Depot  
  157  12:08  Supply Depot  
  161  12:11  Marine x3  
  161  12:14  Marine x3  
  161  12:19  Barracks x2  
  167  12:22  Barracks  
  167  12:23  Ghost Academy  
  167  12:35  Marine x3, Medivac  
  167  12:36  Marine x3  
  167  12:38  Supply Depot, Medivac  
  167  12:39  Marine, Widow Mine x2  
  178  12:40  Marine x2  
  184  12:54  Missile Turret  
  184  13:00  Marine x3  
  184  13:01  Marine x3  
  184  13:02  Siege Tank  
  184  13:04  Marine  
  175  13:31  Marine x4  
  175  13:32  Marine  
  175  13:38  Planetary Fortress, SCV  
  172  13:41  Personal Cloaking  
  172  13:42  Barracks Tech Lab x3  
  172  13:44  Widow Mine x2  
  172  13:48  SCV  
  173  13:50  Fusion Core  
  173  13:52  Starport  
  173  13:53  Terran Ship Weapons Level 1  
  173  13:59  Concussive Shells  
  175  14:01  SCV x2  
  177  14:10  SCV  
  177  14:17  SCV  
  179  14:24  SCV  
  179  14:25  Command Center  
  179  14:28  Ghost, Command Center  
  179  14:29  Command Center, Ghost  
  184  14:33  Ghost  
  186  14:40  Refinery  
  186  14:41  Missile Turret  
  186  14:42  Refinery  
  186  14:45  Starport Reactor  
  186  14:48  Infernal Pre-Igniter  
  186  14:59  Factory  
  186  15:00  SCV  
  186  15:03  Factory  
  186  15:04  SCV  
  186  15:07  Factory  
  188  15:15  Hellion  
  188  15:16  Hellion x2  
  194  15:37  Command Center  
  194  15:45  Hellion  
  199  15:53  Terran Infantry Weapons Level 3, Terran Infantry Armor Level 3  
  199  15:58  Marine  
  200  16:00  Command Center  
  200  16:04  Barracks  
  200  16:07  Barracks  
  200  16:11  Barracks  
  200  16:13  Orbital Command  
  200  16:17  Orbital Command  
  200  16:19  Orbital Command  
  200  16:33  Factory Tech Lab  
  200  16:34  Factory Tech Lab x2  
  200  16:49  Unknown  
  200  16:50  Caduceus Reactor  
  200  16:55  Siege Tank x4  
  200  16:56  Unknown  
  200  17:00  Unknown  
  200  17:15  Terran Ship Weapons Level 2  
  200  17:19  Armory  
  200  17:30  Barracks Tech Lab, Missile Turret  
  200  17:35  Barracks Tech Lab  
  200  17:40  Command Center  
  200  17:44  Barracks Tech Lab  
  200  17:47  Command Center  
  200  17:48  Orbital Command  
  200  17:52  Command Center  
  200  18:01  Command Center  
  200  18:03  Refinery  
  200  18:06  Refinery  
  200  18:09  Planetary Fortress  
  200  18:15  Command Center  
  200  18:18  Missile Turret  
  200  18:25  Command Center  
  200  18:29  Unknown  
  200  18:38  Starport  
  200  18:39  Starport  
  200  18:40  Starport  
  200  18:48  Command Center  
  200  19:31  Command Center  
  200  19:32  Starport Tech Lab  
  200  19:44  Starport Tech Lab  
  194  19:53  Hi-Sec Auto Tracking, Starport Tech Lab  
  192  20:00  Refinery  
  192  20:03  Refinery  
  192  20:18  Siege Tank x2  
  192  20:20  Unknown, Marauder  
  192  20:21  Marauder x3  
  200  20:31  Orbital Command x4  
  200  20:32  Planetary Fortress  
  200  20:33  Orbital Command  
  200  20:34  Orbital Command  
  200  20:44  Missile Turret  
  200  20:48  Sensor Tower  
  200  20:53  Structure Armor  
  200  21:06  Siege Tank x4  
  200  21:34  Command Center  
  188  21:45  Unknown  
Tags
 
Add a new tag
Caveats
  • Supply blocks, unpowered buildings, or Contaminate may cause inaccurate times.
  • Supply counts are checked every 10 seconds.